 Dungeon Crawl Stone Soup version 0.15-a0-2165-g9981db6 (webtiles) character file.

116 Ales the Skirmisher (level 4, -5/41 HPs)
             Began as a Minotaur Berserker on July 20, 2014.
             Was a Believer of Trog.
             Slain by an orc priest
             ... wielding a +1 short sword of electrocution
              (14 damage)
             ... on Level 3 of the Dungeon.
             The game lasted 00:09:28 (2222 turns).

Ales the Skirmisher (Minotaur Berserker)            Turns: 2222, Time: 00:09:28

HP  -5/41        AC 11     Str 22      XL: 4   Next: 69%
MP  11/11        EV  7     Int  4      God: Trog [**....]
Gold 71          SH  0     Dex 10      Spells:  0 memorised,  3 levels left

rFire  . . .     SeeInvis .     l - +0 spear
rCold  . . .     Clarity  .     p - +1 chain mail
rNeg   . . .     rCorr    .     (no shield)
rPois  .         rRot     .     (helmet restricted)
rElec  .         Spirit   .     o - +0 cloak
SustAb .         Warding  .     (no gloves)
rMut   .         Stasis   .     (no boots)
Gourm  .                        (no amulet)
MR     .....                    (no ring)
                                e - ring of magical power

@: not resistant to hostile enchantments, extremely unstealthy
A: retaliatory headbutt, horns 2
a: Burn Spellbooks, Berserk, Trog's Hand, Renounce Religion


You were on level 3 of the Dungeon.
You worshipped Trog.
Trog was pleased with you.
You were not hungry.

You visited 1 branch of the dungeon, and saw 3 of its levels.

You collected 71 gold pieces.

Inventory:

Hand weapons
 l - a +0 spear (weapon)
Armour
 o - a +0 cloak (worn)
 p - a +1 chain mail (worn)
Comestibles
 c - a bread ration
Jewellery
 e - a ring of magical power (left hand)
Potions
 a - a potion of brilliance
 b - 2 potions of curing {unknown}
 d - a potion of agility
 f - 2 potions of might
 g - 2 potions of heal wounds {unknown}
 j - a potion of resistance {unknown}
 k - a potion of mutation {unknown}
 m - a potion of haste {unknown}


   Skills:
 + Level 4.8 Fighting
 + Level 4.6 Polearms
 + Level 3.2 Armour
 + Level 2.9 Dodging
 + Level 0.6 Stealth


You had 3 spell levels left.
You didn't know any spells.

Dungeon Overview and Level Annotations

Branches:
Dungeon (3/15)

Altars:


Innate Abilities, Weirdness & Mutations

You reflexively headbutt those who attack you in melee.
You have a pair of horns on your head.


Message History

Pain shoots through your body!
* * * LOW HITPOINT WARNING * * *
There is an open door here.
You see here 10 stones.
You barely miss the orc priest. You hit the orc priest.
You headbutt the orc priest.
The orc priest is moderately wounded.
The orc priest hits you with a short sword of electrocution.
* * * LOW HITPOINT WARNING * * *
You hit the orc priest. You headbutt the orc priest!
The orc priest is almost dead.
You hit the orc priest but do no damage.
The orc priest is almost dead.
The orc priest glows brightly for a moment.
You hit the orc priest but do no damage.
Your headbutt misses the orc priest.
The orc priest is almost dead.
The orc priest hits you but does no damage.
You are electrocuted!
You die...

#.... ...... ####+###
....#+# #...)..#
.......
#......####.......
###.......).#........
............)'........
####.....##.#........
#....@##.#####...
#....o##(# .
+.....'..#
#.....#########
+.....'........
#.....######### ######
+..#### #..... ##.#
#.#### #.# #.#...


You could see an orc priest.

Vanquished Creatures
  Ijyb (D:2)
  An adder (D:2)
  A gnoll (D:1)
  A giant mite (D:1)
  5 worms (D:2)
  2 orcs (D:3)
  8 hobgoblins
  5 jackals (D:2)
  4 kobolds
  3 ball pythons (D:2)
  A giant gecko (D:1)
  4 giant newts (D:1)
  3 goblins
  A rat (D:2)
40 creatures vanquished.

Notes
Turn   | Place    | Note
--------------------------------------------------------------
     0 | D:1      | Ales, the Minotaur Berserker, began the quest for the Orb.
     0 | D:1      | Reached XP level 1. HP: 19/19 MP: 1/1
   177 | D:1      | Reached XP level 2. HP: 13/27 MP: 1/1
   356 | D:1      | Reached skill level 4 in Fighting
   665 | D:1      | Reached XP level 3. HP: 28/33 MP: 2/2
  1051 | D:2      | Acquired Trog's second power
  1623 | D:2      | Reached XP level 4. HP: 41/41 MP: 2/2
  1664 | D:2      | Noticed Ijyb
  1677 | D:2      | Killed Ijyb
  2222 | D:3      | Slain by an orc priest

Action                   |  1- 3 |  4- 6 || total
-------------------------+-------+-------++-------
Melee: Spear             |    88 |    53 ||   141
  Use: Scroll            |     7 |     4 ||    11
  Eat: Chunk             |     2 |     1 ||     3
       Meat ration       |       |     1 ||     1
